 Dungeon Crawl Stone Soup version 0.27.1-33-g824d729ab1 (webtiles) character file.

Game seed: 12644385818418587845

131439 tkbsonic5 the Warrior (level 16, -1/151 HPs)
             Began as a Minotaur Monk on Nov 28, 2021.
             Was a High Priest of the Shining One.
             Constricted to death by a naga warrior (5 damage)
             ... on level 4 of the Snake Pit.
             The game lasted 02:00:05 (24561 turns).

tkbsonic5 the Warrior (Minotaur Monk)              Turns: 24561, Time: 02:00:06

Health: -1/151     AC: 20    Str: 25    XL:     16   Next: 55%
Magic:  18/24      EV: 14    Int:  7    God:    the Shining One [*****.]
Gold:   106        SH:  0    Dex: 15    Spells: 8/15 levels left

rFire    . . .     SeeInvis .   b - +6 battleaxe (spect) {Holy Ghost}
rCold    . . .     Faith    .   (shield currently unavailable)
rNeg     + + .     Spirit   .   q - +4 scale mail of Utubuc {Fly Str+4, Prudence}
rPois    +         Reflect  .   z - +0 hat {Will+}
rElec    .         Harm     .   u - scarf {repulsion}
rCorr    .         Rampage  .   e - +2 pair of gloves
Will     ++...                  W - +2 pair of boots
Stlth    +.........             r - amulet of regeneration {Grace}
HPRegen  1.35/turn              H - ring of poison resistance
MPRegen  0.19/turn              x - +4 ring of slaying

@: flying, hasted, glowing, constricted, repel missiles, very quick
A: horns 2, retaliatory headbutt
a: Renounce Religion, Divine Shield, Cleansing Flame, Summon Divine Warrior


You were on level 4 of the Snake Pit.
You worshipped the Shining One.
The Shining One was extremely pleased with you.
You visited 5 branches of the dungeon, and saw 27 of its levels.

You collected 1725 gold pieces.
You spent 1619 gold pieces at shops.

Inventory:

Hand Weapons
 a - the +10 long sword "Lexopt" {vorpal, rPois Int+3 Dex+3, St. Rosa}
   (You took it off an orc on level 8 of the Dungeon)

   It inflicts extra damage upon your enemies.
   Int:       It affects your intelligence (+3).
   Dex:       It affects your dexterity (+3).
   rPois:     It protects you from poison.
 b - a +6 spectral battleaxe (weapon) {Holy Ghost}
 f - a +3 arbalest of electrocution
 m - a +0 battleaxe of electrocution
Missiles
 c - 5 silver boomerangs
 n - 5 javelins (quivered) {Materialistic Smite}
 D - 7 curare-tipped darts {Swing Low}
 F - 43 poisoned darts {Grace}
 V - 13 boomerangs
 Z - 2 throwing nets
Armour
 e - a +2 pair of gloves (worn)
 q - the +4 scale mail of Utubuc (worn) {Fly Str+4, Prudence}
   (You found it on level 9 of the Dungeon)

   Str:       It affects your strength (+4).
   Fly:       It grants you flight.
 u - a scarf of repulsion (worn)
 z - a +0 hat of willpower (worn)
 W - a +2 pair of boots (worn)
Jewellery
 j - a +4 ring of evasion
 r - an amulet of regeneration (around neck) {Grace}
 t - a ring of flight {Joyful, Joyful}
 v - a ring of willpower
 x - a +4 ring of slaying (right hand)
 y - a ring of poison resistance
 B - a ring of willpower
 G - a +6 ring of dexterity
 H - a ring of poison resistance (left hand)
 J - a +4 ring of protection
 P - a +6 ring of strength
 S - a ring of fire
 T - a +6 ring of dexterity
 Y - an amulet of faith
Wands
 i - a wand of polymorph (7)
 C - a wand of digging (5)
 E - a wand of iceblast (9)
 K - a wand of mindburst (2)
Scrolls
 o - 3 scrolls of holy word
 s - 5 scrolls of identify
 w - a scroll of amnesia
 A - a scroll of magic mapping
 I - 3 scrolls of teleportation
 Q - a scroll of brand weapon
Potions
 d - 8 potions of flight
 g - a potion of cancellation
 h - 2 potions of ambrosia
 k - 5 potions of curing
 p - 2 potions of resistance
 U - 2 potions of might
 X - a potion of haste
Miscellaneous
 l - a phantom mirror
 R - a piece from Xom's chessboard (15/15)


   Skills:
 * Level 16.0 Fighting
 - Level 11.3 Long Blades
 * Level 12.0(12.3) Axes
 - Level 4.6(9.1) Maces & Flails
 * Level 10.0 Throwing
 * Level 13.0 Armour
 * Level 13.1 Dodging
 - Level 2.4 Stealth
 * Level 12.5 Invocations
 + Level 5.2 Evocations


You had 8 spell levels left.
You knew the following spells:

 Your Spells              Type           Power      Damage    Failure   Level
a - Shock                 Conj/Air       0%         1d3       65%         1
b - Swiftness             Air            0%         N/A       95%         3
c - Spider Form           Tmut/Pois      0%         N/A       95%         3

Your spell library contained the following spells:

 Spells                   Type           Power      Damage    Failure   Level
 Ensorcelled Hibernation  Hex/Ice        0%         N/A       80%         2
 Static Discharge         Conj/Air       0%         N/A       80%         2
 Sublimation of Blood     Necr           0%         N/A       80%         2
 Summon Guardian Golem    Hex/Summ       0%         N/A       95%         3
 Airstrike                Air            0%         N/A       100%        4
 Dispel Undead            Necr           0%         3d6       100%        4
 Petrify                  Tmut/Erth      0%         N/A       100%        4
 Sticky Flame             Conj/Fire      0%         2d3       100%        4
 Irradiate                Conj/Tmut      0%         3d13      100%        5
 Shadow Creatures         Summ           N/A        N/A       100%        6
 Orb of Destruction       Conj           0%         N/A       100%        7
 Spellforged Servitor     Conj/Summ      0%         N/A       100%        7


Dungeon Overview and Level Annotations

Branches:
Dungeon (15/15)            Temple (1/1) D:5            Lair (5/6) D:9
 Shoals (0/4) Lair:3        Snake (4/4) Lair:4        Slime (0/5) Lair:5
    Orc (2/2) D:12            Elf (0/3) Orc:2        Vaults (0/5) D:14
 Depths (0/5) D:15

Altars:
Ashenzari
Cheibriados
Dithmenos
Elyvilon
Gozag
Hepliaklqana
Kikubaaqudgha
Makhleb
Nemelex Xobeh
Okawaru
Qazlal
Ru
Sif Muna
Trog
Uskayaw
Vehumet
Wu Jian
Xom
Yredelemnul
Zin
The Shining One

Shops:
D:3 ((?:!   D:14 (   Orc:2 **(:*[:   Snake:2 [?==   Snake:3 ?   Snake:4 ?

Annotations:
D:5 3 runed translucent doors, Duder's ghost, novice MiBe
Lair:2 exclusion: oklob plant
Lair:3 exclusion: oklob plant
Lair:5 2 transporters


Innate Abilities, Weirdness & Mutations

You have a pair of horns on your head.
You reflexively headbutt those who attack you in melee.


Message History

The naga warrior is heavily wounded.
You slice the naga sharpshooter!!
You kill the naga sharpshooter!
Your +6 spectral battleaxe {Holy Ghost} hits the naga warrior!!
The naga warrior hits you with a +0 short sword!!
The naga warrior constricts you.
The naga warrior hits you from afar with a +0 glaive!!
* * * LOW HITPOINT WARNING * * *
Your Throwing skill increases to level 10!
You escape the naga warrior's grasp.
You swap places.
Your angel hits the naga warrior with a +2 whip of holy wrath!!
The naga warrior dies!
Your Axes skill increases to level 12!
Items here: )) [ ÷.
Your angel hits the naga warrior with a +2 whip of holy wrath!
Your angel closely misses the naga warrior.
Your angel completely misses the naga warrior.
Your angel hits the naga warrior with a +2 whip of holy wrath.
The naga warrior hits you with a +0 glaive!
* * * LOW HITPOINT WARNING * * *
The naga warrior grabs you. The naga warrior constricts you.
* * * LOW HITPOINT WARNING * * *
Things that are here:
a +0 glaive; a +0 robe; a naga skeleton The naga warrior's grasp on you weakens, but your attempt to escape fails.
Your angel closely misses the naga warrior.
Your angel hits the naga warrior with a +2 whip of holy wrath!
The naga warrior hits you with a +0 glaive!!
* * * LOW HITPOINT WARNING * * *
The naga warrior constricts you.
* * * LOW HITPOINT WARNING * * *
Unknown command.
You feel yourself speed up.
Your angel hits the naga warrior with a +2 whip of holy wrath.
Your angel hits the naga warrior with a +2 whip of holy wrath!
Your angel hits the naga warrior with a +2 whip of holy wrath!!
Your angel hits the naga warrior but does no damage.
The naga warrior barely misses your angel.
The naga warrior constricts you.
You die...

....### ###.)...####.....# #
...## #...≈≈≈..)#####..# # ##.#
#.#..≈≈≈..#S# ##.# # ##.# ####
#..≈≈≈..#S# ### # #.##
##..#.#..≈≈≈..#.#
#..###...##...≈≈≈...##
##...##....###.....###
......#.....###')N##
......#.....##..@A)#
......))........))## ...
.......#.......###.## .... ####
.......##.########..#..... #.#.
.......###.####......# ##..
........##.#........(## #..
.......##.............# #..
.......##.............#########..
......#..............###.........


You could see a naga warrior (curare, ally target) and a friendly angel
(summoned).

Vanquished Creatures
  Rupert (Lair:5)
  Frances (D:12)
  Donald (Snake:3)
  Kirke (D:14)
  3 nagarajas
  A vault guard (D:14)
  An ice dragon (Lair:4)
  6 naga warriors
  A rakshasa (D:9)
  4 anacondas
  10 hydras
  5 centaur warriors
  5 two-headed ogres
  A tengu warrior (D:14)
  Urug (Lair:3)
  7 shock serpents
  8 naga sharpshooters
  A hell knight (D:15)
  3 sea snakes (Snake:4)
  5 naga ritualists
  2 deep trolls (D:15)
  A wizard (D:14)
  A necromancer (D:14)
  2 deep elf pyromancers
  10 mana vipers
  3 orc knights
  2 orc sorcerers
  5 ugly things (D:15)
  3 cyclopes
  7 salamanders
  2 manticores
  Joseph (D:9)
  27 naga magi
  2 elephants
  34 black mambas
  5 guardian serpents
  3 gargoyles
  5 cane toads
  A rime drake (Lair:4)
  Maggie (D:7)
  A yaktaur (D:12)
  An unseen horror (D:11)
  8 komodo dragons
  A tengu conjurer (D:14)
  A jumping spider (shapeshifter) (D:14)
  3 trolls
  A hornet (shapeshifter) (D:15)
  4 polar bears
  2 hornets
  5 slime creatures
  Grinder (D:3)
  8 blink frogs
  6 dream sheep (Lair:3)
  A snapping turtle (Lair:3)
  A shadow (D:12)
  A water elemental (D:14)
  3 wraiths
  A vampire (D:11)
  13 humans (D:14)
  2 wyverns
  64 yaks
  Eustachio (D:4)
  2 hogs (D:14)
  Grum (D:8)
  Menkaure (D:6)
  9 vampire mosquitoes
  2 steam dragons
  45 nagas
  An acid dragon (D:9)
  11 water moccasins
  3 sky beasts
  4 black bears
  2 ice beasts
  31 orc warriors
  3 necrophages
  15 wolves
  4 ogres
  15 centaurs
  5 kobold brigands
  Blork the orc (D:4)
  17 bullfrogs
  A gnoll sergeant (D:9)
  3 scorpions
  A wyvern zombie (D:6)
  A wyvern skeleton (D:4)
  6 killer bees (D:9)
  8 wights
  7 electric eels
  A bullfrog zombie (D:6)
  7 howler monkeys
  6 orc priests
  A centaur skeleton (D:7)
  2 centaur zombies
  A bullfrog skeleton (D:5)
  2 hounds
  An iguana (D:6)
  7 orc wizards
  5 hell rats (Lair:2)
  A killer bee zombie (D:8)
  A howler monkey zombie (D:9)
  2 adders
  4 shadow imps
  4 worms
  2 dart slugs
  39 orcs
  9 endoplasms
  3 giant cockroaches
  8 goblins
  9 hobgoblins
  2 jackals (D:3)
  5 quokkas
  12 ball pythons
  4 bats
  9 frilled lizards
  23 kobolds
  7 rats
688 creatures vanquished.

Vanquished Creatures (collateral kills)
  3 naga warriors
  A vault guard (D:14)
  A death knight (D:15)
  A wizard (D:15)
  A necromancer (D:15)
  3 cyclopes (D:15)
  2 mana vipers (Snake:3)
  A naga mage (Snake:3)
  2 wraiths (D:15)
  7 humans (D:14)
  7 nagas
29 creatures vanquished.

Vanquished Creatures (others)
  2 humans (D:14)
  An orc wizard (D:12)
  An orc (Orc:2)
  12 fungi
  25 plants
41 creatures vanquished.

Grand Total: 758 creatures vanquished

Notes
Turn   | Place    | Note
-------+----------+-------------------------------------------
     0 | D:1      | tkbsonic5 the Minotaur Monk began the quest for the Orb.
     0 | D:1      | Reached XP level 1. HP: 19/19 MP: 0/0
   254 | D:1      | Reached XP level 2. HP: 19/27 MP: 1/1
   568 | D:1      | Reached skill level 4 in Fighting
   610 | D:1      | Reached skill level 1 in Armour
  1006 | D:2      | Reached XP level 3. HP: 22/33 MP: 2/2
  2162 | D:3      | Found Ideklac's Weapon Shop.
  2187 | D:3      | Reached XP level 4. HP: 39/41 MP: 3/3
  2356 | D:3      | Found Laisuwk's Antique Weapon Boutique.
  2420 | D:3      | Found a sacrificial altar of Ru.
  2590 | D:3      | Found Daercheg's Book Boutique.
  2593 | D:3      | Found Yssackemi's Distillery.
  2600 | D:3      | Learned a level 1 spell: Shock
  2640 | D:3      | Bought 2 potions of curing for 60 gold pieces
  2828 | D:3      | Noticed Grinder
  2829 | D:3      | Paralysed by Grinder for 2 turns
  2836 | D:3      | Killed Grinder
  2837 | D:3      | Reached skill level 5 in Fighting
  2837 | D:3      | Reached XP level 5. HP: 48/49 MP: 1/4
  2837 | D:3      | Reached XP level 6. HP: 55/56 MP: 1/5
  3012 | D:3      | Found Dikhet's Magic Scroll Emporium.
  3215 | D:4      | Noticed Blork the orc
  3222 | D:4      | Killed Blork the orc
  3720 | D:4      | Noticed Eustachio
  3749 | D:4      | Killed Eustachio
  3750 | D:4      | Reached skill level 6 in Fighting
  3770 | D:4      | Learned a level 3 spell: Swiftness
  3995 | D:4      | Found a hazy altar of Hepliaklqana.
  4134 | D:4      | Reached XP level 7. HP: 64/64 MP: 6/6
  4228 | D:4      | Found a radiant altar of Vehumet.
  4316 | D:5      | Entered Level 5 of the Dungeon
  4609 | D:5      | Found a stormy altar of Qazlal.
  4790 | D:5      | Reached skill level 7 in Fighting
  4790 | D:5      | Reached skill level 5 in Axes
  4790 | D:5      | Reached skill level 5 in Dodging
  4929 | D:5      | Reached XP level 8. HP: 47/73 MP: 2/7
  5154 | D:5      | Found a staircase to the Ecumenical Temple.
  5163 | Temple   | Entered the Ecumenical Temple
  5205 | Temple   | Became a worshipper of the Shining One
  5205 | Temple   | Reached * piety under the Shining One
  5205 | Temple   | Reached ** piety under the Shining One
  5593 | D:5      | Found a runed translucent gate.
  5594 | D:5      | Found a runed translucent gate.
  5594 | D:5      | Found a runed translucent gate.
  5596 | D:5      | Noticed Duder's ghost (novice MiBe)
  5729 | D:6      | Learned a level 3 spell: Spider Form
  5735 | D:6      | Found an ornate altar of the Wu Jian Council.
  5855 | D:5      | Reached skill level 1 in Invocations
  6194 | D:6      | Reached skill level 8 in Fighting
  6357 | D:6      | Noticed Menkaure
  6366 | D:6      | Killed Menkaure
  6673 | D:6      | Reached skill level 5 in Armour
  6854 | D:6      | Identified the +2 leather armour of Amorality {rPois rN+
                  | Slay+2}
  6880 | D:6      | Reached XP level 9. HP: 46/82 MP: 4/10
  7336 | D:6      | Found a bloodstained altar of Trog.
  7344 | D:6      | Found an opulent altar of Gozag.
  7793 | D:7      | Reached skill level 9 in Fighting
  7828 | D:7      | Noticed Maggie
  7836 | D:7      | Killed Maggie
  8340 | D:7      | Reached *** piety under the Shining One
  8627 | D:8      | Reached skill level 5 in Invocations
  8637 | D:8      | Reached skill level 10 in Fighting
  8637 | D:8      | Reached XP level 10. HP: 62/93 MP: 8/12
  8824 | D:8      | Found a glowing silver altar of Zin.
  8990 | D:8      | Identified the +10 long sword "Lexopt" {vorpal, rPois Int+3
                  | Dex+3}
  8992 | D:8      | Noticed a two-headed ogre
  9121 | D:8      | Noticed Grum
  9130 | D:8      | Reached skill level 1 in Long Blades
  9134 | D:8      | Killed Grum
  9689 | D:9      | Identified the +4 scale mail of Utubuc {Fly Str+4}
  9772 | D:9      | Noticed an elephant
  9782 | D:9      | Killed an elephant
  9831 | D:9      | Found a staircase to the Lair.
  9937 | D:9      | Noticed a gargoyle
  9955 | D:9      | Killed a gargoyle
 10245 | D:9      | Reached skill level 11 in Fighting
 10330 | D:9      | Noticed a rakshasa
 10349 | D:9      | Killed a rakshasa
 10350 | D:9      | Reached XP level 11. HP: 43/102 MP: 11/15
 10534 | D:9      | Noticed Joseph
 10546 | D:9      | Killed Joseph
 10651 | D:9      | Identified a scroll of acquirement
 10651 | D:9      | Acquired a +4 ring of slaying
 10720 | D:10     | Entered Level 10 of the Dungeon
 10726 | D:10     | Reached skill level 1 in Throwing
 10772 | D:10     | You are sucked into a shaft and drop 1 floor!
 10830 | D:11     | Reached skill level 5 in Long Blades
 10830 | D:11     | Reached skill level 1 in Evocations
 10844 | D:11     | Found a bloodstained altar of Trog.
 10844 | D:11     | Reached **** piety under the Shining One
 10957 | D:11     | Noticed a two-headed ogre
 10964 | D:11     | Killed a two-headed ogre
 11308 | D:10     | Noticed a two-headed ogre
 11325 | D:10     | Killed a two-headed ogre
 11445 | D:10     | Noticed a centaur warrior
 11453 | D:10     | Killed a centaur warrior
 11503 | D:10     | Identified the +11 long sword "Vum Gud" {drain, Dex+4}
 11519 | D:10     | Found a hide-covered altar of Uskayaw.
 11619 | Lair:1   | Entered Level 1 of the Lair of Beasts
 11838 | Lair:1   | Reached XP level 12. HP: 108/112 MP: 15/17
 11897 | Lair:1   | Reached skill level 12 in Fighting
 12092 | Lair:1   | Noticed a seven-headed hydra
 12100 | Lair:1   | Killed a ten-headed hydra
 12382 | Lair:2   | Noticed an eight-headed hydra
 12387 | Lair:2   | Killed a ten-headed hydra
 12431 | Lair:2   | Noticed a six-headed hydra
 12437 | Lair:2   | Killed a nine-headed hydra
 12886 | Lair:2   | Noticed a five-headed hydra
 12893 | Lair:2   | Killed a nine-headed hydra
 12943 | Lair:2   | Noticed a seven-headed hydra
 12950 | Lair:2   | Killed an 11-headed hydra
 13231 | Lair:2   | Reached skill level 10 in Armour
 13404 | Lair:3   | Reached XP level 13. HP: 119/119 MP: 18/18
 13704 | Lair:3   | Reached skill level 13 in Fighting
 13704 | Lair:3   | Reached skill level 5 in Throwing
 13751 | Lair:3   | Found a staircase to the Shoals.
 13799 | Lair:3   | Reached skill level 10 in Dodging
 13824 | Lair:3   | Reached ***** piety under the Shining One
 13825 | Lair:3   | Noticed Urug
 13840 | Lair:3   | Killed Urug
 14574 | Lair:4   | Found a staircase to the Snake Pit.
 15212 | Lair:5   | Found a transporter.
 15335 | Lair:5   | Noticed Rupert
 15349 | Lair:5   | Killed Rupert
 15350 | Lair:5   | Reached skill level 10 in Invocations
 15391 | Lair:5   | Found a transporter.
 15646 | Lair:5   | Found a staircase to the Slime Pits.
 15886 | Lair:5   | Reached skill level 10 in Long Blades
 15995 | Lair:5   | Identified the +6 dagger "Vusunuyf" {drain, Str+4 Dex+4}
 16228 | D:12     | Noticed Frances
 16243 | D:12     | Killed Frances
 16501 | D:12     | Found a staircase to the Orcish Mines.
 16645 | D:11     | Reached XP level 14. HP: 130/130 MP: 20/20
 16958 | D:13     | You are sucked into a shaft and drop 2 floors!
 16958 | D:15     | Entered Level 15 of the Dungeon
 17079 | D:15     | Reached skill level 14 in Fighting
 17102 | D:15     | The Shining One protects you from harm!
 17332 | D:15     | Found a staircase to the Depths.
 18088 | D:14     | Found Ackef's Antique Weapon Shop.
 18096 | D:14     | Bought an iridescent mace for 208 gold pieces
 18096 | D:14     | Identified the +7 mace of Wafot {vamp, *Slow rCorr Str+4
                  | Stlth+} (You bought it in a shop on level 14 of the
                  | Dungeon)
 18297 | D:14     | Noticed Kirke
 18306 | D:14     | Killed Kirke
 18432 | D:14     | Found a broken altar of Ashenzari.
 18957 | D:14     | Found a gate to the Vaults.
 19116 | Orc:1    | Entered Level 1 of the Orcish Mines
 19410 | Orc:2    | Entered Level 2 of the Orcish Mines
 19532 | Orc:2    | Reached skill level 10 in Axes
 19546 | Orc:2    | Reached XP level 15. HP: 79/139 MP: 19/22
 19683 | Orc:2    | Found Jomoick's Armour Boutique.
 19704 | Orc:2    | Found Vollemoa's Book Emporium.
 19750 | Orc:2    | Found Toveogix's General Store.
 19821 | Orc:2    | Found Hoewic's Antique Weapon Shoppe.
 19821 | Orc:2    | Found Runk's Book Boutique.
 19821 | Orc:2    | Found Washame's Assorted Antiques.
 19825 | Orc:2    | Found Oleag's Assorted Antiques.
 19832 | Orc:2    | Bought a wand of polymorph (7) for 48 gold pieces
 19832 | Orc:2    | Bought a scroll of blinking for 180 gold pieces
 19832 | Orc:2    | Bought an iron wand for 96 gold pieces
 19832 | Orc:2    | Bought a glowing battleaxe for 228 gold pieces
 19832 | Orc:2    | Bought a potion of ambrosia for 192 gold pieces
 19832 | Orc:2    | Bought a potion of resistance for 240 gold pieces
 19943 | Orc:2    | Found a staircase to the Elven Halls.
 20127 | Snake:1  | Entered Level 1 of the Snake Pit
 20327 | Snake:1  | Found a glowing silver altar of Zin.
 20717 | Snake:1  | Reached skill level 15 in Fighting
 21069 | Snake:2  | Reached ****** piety under the Shining One
 21336 | Snake:2  | Found Ajoxt's Magic Scroll Shoppe.
 21341 | Snake:2  | Found Zurotuh's Jewellery Emporium.
 21341 | Snake:2  | Found Hyskyt's Armour Shoppe.
 21344 | Snake:2  | Found Ustacyem's Jewellery Emporium.
 21369 | Snake:2  | Bought a ring of poison resistance for 240 gold pieces
 21458 | Snake:2  | Noticed a nagaraja
 21468 | Snake:2  | Killed a nagaraja
 22589 | Snake:3  | HP: 4/141 [naga warrior (33)]
 22590 | Snake:3  | Reached XP level 16. HP: 4/149 MP: 18/24
 22591 | Snake:3  | HP: 1/149 [naga warrior (35)]
 22803 | Snake:3  | Found Qoijis's Magic Scroll Shoppe.
 22833 | Snake:3  | Bought a scroll of enchant armour for 127 gold pieces
 23161 | Snake:4  | Entered Level 4 of the Snake Pit
 23172 | Snake:4  | Noticed Donald
 23191 | Snake:3  | Killed Donald
 23353 | Snake:4  | Found Sayl's Magic Scroll Shop.
 23606 | Snake:4  | Reached skill level 5 in Evocations
 24553 | Snake:4  | Reached skill level 16 in Fighting
 24558 | Snake:4  | Reached skill level 10 in Throwing
 24560 | Snake:4  | HP: 5/151 [naga warrior (20)]
 24561 | Snake:4  | Constricted to death by a naga warrior

Illustrated notes

Levels and vault maps discovered:
D:1:      kennysheep_arrival_forest, layout_basic
D:2:      minmay_evil_eye, layout_loops_cross
D:3:      layout_loops_corners, lemuel_crystal_altar, serial_shops,
          nicolae_diamond_shop, shop, nicolae_shop_trees, shop,
          nicolae_square_shop, uniq_grinder
D:4:      layout_basic, lemuel_round_altar, fiery_altar_vehumet,
          uniq_blork_the_orc, uniq_eustachio
D:5:      layout_loops_ring, nicolae_qazlal_general_emergency,
          minmay_temple_entry_drinking_statues, ebering_ghost_rock_garden
D:6:      layout_layer_cave, amethyst_overflow_temple_binary,
          pdpol_wu_jian_five_deadly_venoms, nicolae_zen_rock_garden,
          uniq_menkaure
D:7:      layout_loops_cross, uniq_maggie
D:8:      layout_loops_ring, fedhas_altar_decomposition,
          overflow_temple_1_default, gammafunk_ghost_hydra_chop,
          minmay_three_doors, uniq_grum
D:9:      layout_cave_pools, david_lair_generic, enter_bailey_6, st_stairs_3,
          minmay_increasing_density, uniq_joseph
D:10:     layout_basic, nicolae_uskayaw_murder_on_the_dancefloor
D:11:     layout_rooms, trog_ov_bears_minmay
D:12:     layout_basic, orc_0_dummy, interstate_on_off, uniq_frances
D:13:     layout_rooms, minivault_28
D:14:     layout_stronghold, grunt_vaults_entry_tiered, ashenzari_altar_1,
          serial_shops, nicolae_diamond_shop, grunt_ogre_cave,
          minmay_crystal_water, uniq_kirke
D:15:     hangedman_depths_entry_civil_slaughter, layout_irregular_city,
          kennysheep_pointless_box, minmay_misc_feat_more_columns
Temple:   minmay_temple_bridge_abc
Lair:1:   layout_roguey, serial_bayou_shore_a
Lair:2:   layout_chaotic_city, infiniplex_staircase_pool_2, grunt_megastairs_2,
          minmay_lair_oklob_chamber, serial_bayou_shore_b
Lair:3:   layout_regular_city, minmay_shoals_entry_hut, uniq_urug
Lair:4:   layout_hall_layers, minmay_snake_entry_guardpost_large, serial_bayou,
          serial_bayou_lagoon_a, serial_bayou_ford_a, serial_bayou_pond_b,
          serial_bayou_pond_d, hangedman_lair_generics_rect
Lair:5:   gammafunk_cloud_chamber, layout_gridlike, dpeg_slime_entry_corner,
          uniq_rupert
Snake:1:  layout_basic, basic_altar
Snake:2:  layout_cave_town, minmay_shoptagon
Snake:3:  layout_misc_corridors, serial_shops, shop, grunt_megastairs_4
Snake:4:  grunt_snake_rune_pools, layout_chambers, serial_shops, shop,
          drop_trap, uniq_aizul, uniq_donald
Orc:1:    layout_caves, serial_shops, nicolae_diamond_shop, basic_altar
Orc:2:    st_orc_rangers, layout_caves, serial_shops, shop, shop_statue,
          shop_fountains, shop

Skill      XL: |  1  2  3  4  5  6  7  8  9 10 11 12 13 14 15 16 |
---------------+-------------------------------------------------+-----
Maces & Flails | 4 |  4.6
Fighting       | 4 5 6 7 8 10 11 12 13 14 15 16 | 16.0
Armour         | 1 2 3 4 5 6 8 9 10 11 12 13 | 13.0
Axes           | 2 4 5 7 8 9 10 11 12 | 12.0
Dodging        | 4 5 6 7 8 9 11 12 13 | 13.1
Invocations    | 3 5 6 8 9 10 11 12 | 12.5
Long Blades    | 4 6 8 10 11 | 11.3
Throwing       | 3 4 6 8 9 10 | 10.0
Evocations     | 2 3 4 5 |  5.2
Stealth        | 2 |  2.4

Action                   |  1- 3 |  4- 6 |  7- 9 | 10-12 | 13-15 | 16-18 || total
-------------------------+-------+-------+-------+-------+-------+-------++-------
Melee: Mace              |   115 |     7 |     3 |       |       |       ||   125
       Headbutt          |     9 |    10 |    25 |   114 |   209 |    41 ||   408
       War axe           |       |    46 |    67 |       |       |       ||   113
       Battleaxe         |       |       |    80 |    37 |   139 |    49 ||   305
       Long sword        |       |       |       |   284 |   418 |    88 ||   790
Throw: Throwing net      |       |       |       |     1 |     2 |       ||     3
       Dart              |       |       |       |    10 |    57 |     3 ||    70
       Javelin           |       |       |       |       |    86 |    47 ||   133
       Boomerang         |       |       |       |       |    26 |     2 ||    28
 Cast: Shock             |       |    27 |     6 |       |       |       ||    33
Invok: Divine Shield     |       |       |     2 |     7 |     9 |     1 ||    19
       Cleansing Flame   |       |       |       |     1 |     2 |       ||     3
       Summon Divine War |       |       |       |       |     5 |     2 ||     7
Evoke: Wand              |       |     1 |    10 |    25 |    84 |       ||   120
  Use: Potion            |     4 |     4 |     4 |     3 |     6 |     6 ||    27
       Scroll            |       |     5 |     3 |    14 |     8 |     7 ||    37
 Stab: Sleeping          |     6 |     2 |       |       |       |       ||     8
Armor: Robe              |    16 |    24 |    30 |       |       |       ||    70
       Skin              |       |       |     2 |    56 |       |       ||    58
       Leather armour    |       |       |    15 |    21 |       |       ||    36
       Scale mail        |       |       |       |   111 |   221 |    56 ||   388
Dodge: Dodged            |    65 |    55 |    94 |   236 |   687 |   104 ||  1241
       Repelled          |       |       |       |     1 |    18 |    18 ||    37
Block: Other             |       |       |     6 |    21 |   117 |     7 ||   151
       Rpst.: Long sword |       |       |       |    41 |    65 |    11 ||   117
